AoeStats
← iAlejandrouae

Arena

508240564Analyzed
4v4 RM · 10d ago on Sep 21, 2026· 37m 45s· 8 players
Game mode
Random Map
Map size
Large (8 player)
Population
200
Speed
Normal
Resources
Standard
Victory
Conquest
Starting age
Dark Age
Ending age
Imperial Age
RankedLock teamsTeams togetherTeam positionsShared explorationLock speedFull tech treeHidden civsTurbo modeCheats
Victory
Defeat
🇫🇷 Italians · France
1599
+12
🇫🇷 Burgundians · France
1552
+14
🇫🇷 Cumans · France
1454
+18
🇫🇷 Turks · France
1409
+20
🇦🇷 Bengalis · Argentina
1601
-20
🇨🇳 Teutons · China
1509
-16
🇨🇳 Georgians · China
1497
-16
🇨🇴 Italians · Colombia
1396
-12
iAlejandrouae
10:54 Feudal Age
14:54 Castle Age
13:14 Horse Collar
15:32 Double-Bit Axe
15:40 Town Watch
16:32 Wheelbarrow
17:31 Husbandry
18:01 Scale Barding Armor
22:00 Fletching
22:01 Loom
25:26 Bloodlines
26:46 Gold Mining
27:09 Bodkin Arrow
28:08 Bow Saw
28:29 Padded Archer Armor
30:11 Hand Cart
30:05 Heavy Plow
32:14 Ballistics
32:45 Gold Shaft Mining
32:02 Stone Mining
36:23 Imperial Age
34:34 Fortified Wall
35:09 Leather Archer Armor
35:27 Light Cavalry
36:24 Forging
37:10 Bracer
逝
8:32 Feudal Age
9:54 Wheelbarrow
14:37 Castle Age
13:33 Horse Collar
14:13 Double-Bit Axe
22:04 Bow Saw
21:48 Gold Mining
23:04 Hand Cart
23:35 Stone Mining
26:19 Stone Shaft Mining
25:43 Loom
25:45 Town Watch
26:12 Scale Barding Armor
29:02 Imperial Age
28:26 Chain Barding Armor
28:16 Forging
29:32 Bloodlines
29:22 Husbandry
30:07 Heavy Plow
30:43 Plate Barding Armor
30:44 Iron Casting
29:32 Elite Monaspa
30:44 Conscription
34:06 Blast Furnace
32:57 Fletching
33:46 Treadmill Crane
36:30 Fortified Wall
36:42 Ballistics
37:14 Aznauri Cavalry
37:55 Guard Tower
38:16 Masonry
37:51 Arrowslits
38:16 Masonry
37:51 Arrowslits
G.E.M
5:13 Loom
11:34 Feudal Age
13:16 Double-Bit Axe
13:41 Horse Collar
16:27 Castle Age
15:13 Loom
21:44 Loom
26:04 Heavy Plow
30:13 Imperial Age
28:39 Bow Saw
28:43 Fletching
28:51 Stone Mining
29:45 Wheelbarrow
28:57 Town Watch
29:17 Pikeman
30:19 Bodkin Arrow
32:16 Chemistry
31:22 Squires
31:42 Halberdier
34:15 Conscription
36:34 Padded Archer Armor
uribeparacohp
5:53 Loom
8:36 Feudal Age
10:52 Fletching
20:27 Wheelbarrow
23:11 Castle Age
23:49 Double-Bit Axe
25:35 Forging
28:36 Bow Saw
29:11 Bodkin Arrow
37:18 Padded Archer Armor
38:27 Hand Cart
Superbrasseur
9:59 Feudal Age
11:47 Horse Collar
11:54 Double-Bit Axe
13:17 Loom
16:43 Scale Mail Armor
17:49 Forging
22:48 Wheelbarrow
27:34 Castle Age
25:59 Fletching
26:10 Padded Archer Armor
26:30 Arson
27:22 Gold Mining
28:20 Squires
27:52 Pikeman
28:58 Heavy Plow
29:11 Bow Saw
28:27 Elite Skirmisher
29:03 Capped Ram
Balgrador
7:50 Loom
10:49 Feudal Age
14:44 Castle Age
12:51 Double-Bit Axe
12:49 Horse Collar
15:54 Bow Saw
15:47 Heavy Plow
21:30 Wheelbarrow
23:06 Hand Cart
23:38 Town Watch
28:22 Imperial Age
26:06 Gold Mining
26:10 Stone Mining
26:49 Fletching
27:00 Padded Archer Armor
27:55 Bodkin Arrow
28:37 Ballistics
28:51 Leather Archer Armor
28:43 Thumb Ring
29:30 Conscription
28:33 Elite Genoese Crossbowman
29:35 Conscription
30:06 Stone Shaft Mining
29:32 Elite Genoese Crossbowman
30:34 Conscription
30:23 Bracer
31:26 Chemistry
32:07 Ring Archer Armor
32:57 Masonry
33:25 Hoardings
38:28 Two-Man Saw
38:00 Crop Rotation
Lil Fabrice
4:43 Double-Bit Axe
6:15 Horse Collar
11:25 Feudal Age
15:01 Castle Age
13:30 Heavy Plow
14:45 Bow Saw
20:15 Wheelbarrow
22:46 Hand Cart
24:25 Gold Mining
26:44 Two-Man Saw
28:40 Imperial Age
25:56 Loom
27:08 Gold Shaft Mining
26:24 Town Watch
26:31 Cavalier
27:17 Scale Barding Armor
27:23 Forging
27:41 Husbandry
28:01 Stone Mining
28:53 Chain Barding Armor
28:59 Paladin
30:43 Iron Casting
31:44 Conscription
32:56 Plate Barding Armor
33:41 Chemistry
32:22 Treadmill Crane
34:07 Blast Furnace
34:15 Masonry
34:56 Ballistics
37:45 Caravan
Taisst
7:06 Loom
9:08 Feudal Age
9:47 Double-Bit Axe
17:11 Horse Collar
19:02 Town Watch
19:27 Scale Barding Armor
20:40 Forging
22:28 Wheelbarrow
24:43 Gold Mining
28:06 Castle Age
26:55 Bloodlines
29:18 Chain Barding Armor
29:34 Iron Casting
29:00 Husbandry
35:04 Bow Saw
Connection lost

Rejoining the realm…

Still unreachable

The connection could not be restored.

Session expired

The server has moved on; the page needs a fresh start.